Match 24068921
Unlisted

Match 24068921
End
Construct Barracks
Selects Armored Battlegroup
Selects Veteran Crews
Riflemen Squad
Riflemen Squad
M1 Mortar Team
Mechanized Support Center
Grenade Package
Riflemen Squad
M1918 Browning Automatic Rifles
Construct Medical Station
Construct Medical Station
Construct Weapon Support Center
Selects Fast Deploy
M3 75 mm Gun Motor Carriage
Riflemen Squad
Construct Tank Depot
Riflemen Squad
Selects Field Repairs
Selects War Machine
M4A1 Sherman Medium Tank
Rearm and Retrofit
Engineer Squad
Field Repairs
Riflemen Squad
M4A1 Sherman Medium Tank
Selects Seek and Destroy
Selects UNKNOWN (2160077)
Jex
Matthijs de Bór
Commander Z
lllllllll
iceman
insane
UH|dun! ツ
UH|XTC
0
0

Comments sign in to comment!

No comments posted yet!